 Dungeon Crawl Stone Soup version 0.28-a0-909-g796cbd3a86 (webtiles) character file.

Game seed: 11762917180298514335

219 Htamos the Conjurer (level 5, 0/28 HPs)
             Began as a Deep Elf Conjurer on Nov 25, 2021.
             Slain by an orc (6 damage)
             ... on level 4 of the Dungeon.
             The game lasted 00:05:53 (3113 turns).

Htamos the Conjurer (Deep Elf Conjurer)             Turns: 3113, Time: 00:05:54

Health: 0/28       AC:  3    Str:  4    XL:     5   Next: 64%
Magic:  8/14       EV: 12    Int: 24    God:
Gold:   155        SH:  0    Dex: 13    Spells: 6/14 levels left

rFire   . . .      SeeInvis .   i - +0 whip
rCold   . . .      Faith    .   (no shield)
rNeg    . . .      Spirit   .   a - +0 robe
rPois   .          Reflect  .   (no helmet)
rElec   .          Harm     .   (no cloak)
rCorr   .          Rampage  .   h - +0 pair of gloves
Will    .....                   (no boots)
Stlth   ++........              (no amulet)
HPRegen 0.09/turn               (no ring)
MPRegen 0.14/turn               (no ring)

@: no status effects
A: no striking features
a: no special abilities


You were on level 4 of the Dungeon.
You visited 1 branch of the dungeon, and saw 4 of its levels.

You collected 155 gold pieces.

Inventory:

Hand Weapons
 c - a +0 dagger
 d - a +0 hunting sling
 i - a +0 whip (weapon)
Missiles
 e - 119 stones
 f - 20 poisoned darts
Armour
 a - a +0 robe (worn)
 b - a +0 scale mail
 h - a +0 pair of gloves (worn)
Scrolls
 g - a scroll of teleportation {unknown}
 j - a scroll of identify {@rr}
Potions
 k - a potion of berserk rage {unknown}
 l - a potion of might {unknown}


   Skills:
 - Level 2.4 Dodging
 - Level 2.4 Stealth
 + Level 5.1 Spellcasting
 * Level 6.8 Conjurations


You had 6 spell levels left.
You knew the following spells:

 Your Spells              Type           Power      Damage    Failure   Level
a - Magic Dart            Conj           100%       1d8       1%          1
b - Dazzling Flash        Conj/Hex       44%        N/A       6%          3
c - Fulminant Prism       Conj/Hex       11%        3d9       22%         4

Your spell library contained the following spells:

 Spells                   Type           Power      Damage    Failure   Level
 Searing Ray              Conj           76%        2d7       1%          2
 Iskenderun's Mystic Bla  Conj/Tloc      22%        2d6       22%         4


Dungeon Overview and Level Annotations

Branches:
Dungeon (4/15)
 Temple: D:4-7

Altars:


Message History

The magic dart hits the orc wizard.
The orc wizard is severely wounded.
The orc wizard gestures at you while chanting.
The puff of flame hits you!
Casting: Magic Dart (safe; 1% risk of failure)
Confirm with . or Enter, or press ? or * to list all spells.
Aiming: Magic Dart (safe; 1% risk of failure)
Press: ? - help, Shift-Dir - straight line, f/p - orc wizard
Aim: an orc wizard, wielding a +0 dagger and wearing a +0 robe (severely wounded, 100% to hit)
The magic dart hits the orc wizard.
The orc wizard is severely wounded.
Casting: Magic Dart (safe; 1% risk of failure)
Confirm with . or Enter, or press ? or * to list all spells.
Aiming: Magic Dart (safe; 1% risk of failure)
Press: ? - help, Shift-Dir - straight line, f/p - orc wizard
Aim: an orc wizard, wielding a +0 dagger and wearing a +0 robe (severely wounded, 100% to hit)
The magic dart hits the orc wizard.
The orc wizard is almost dead.
The orc wizard points at you and mumbles some strange words.
The magic dart hits you!
* * * LOW HITPOINT WARNING * * *
Casting: Magic Dart (safe; 1% risk of failure)
Confirm with . or Enter, or press ? or * to list all spells.
Aiming: Magic Dart (safe; 1% risk of failure)
Press: ? - help, Shift-Dir - straight line, f/p - orc wizard
Aim: an orc wizard, wielding a +0 dagger and wearing a +0 robe (almost dead, 100% to hit)
The magic dart hits the orc wizard.
The orc wizard is almost dead.
The orc wizard hits you with a +0 dagger.
* * * LOW HITPOINT WARNING * * *
Casting: Magic Dart (safe; 1% risk of failure)
Confirm with . or Enter, or press ? or * to list all spells.
Aiming: Magic Dart (safe; 1% risk of failure)
Press: ? - help, Shift-Dir - straight line, f/p - orc wizard
Aim: an orc wizard, wielding a +0 dagger and wearing a +0 robe (almost dead, 100% to hit)
The magic dart hits the orc wizard.
You kill the orc wizard!
There is a stone staircase leading up here.
The orc hits you with a +0 flail.
You die...

##......# .#
........##.#
.........#.#
......##.#.#
...........#
....####)########
### #............
#.###.####### #
#.o@# #####


You could see an orc.

Vanquished Creatures
  A water moccasin (D:3)
  An orc wizard (D:4)
  An adder (D:2)
  3 dart slugs
  6 orcs (D:3)
  8 endoplasms
  4 giant cockroaches
  7 goblins
  5 hobgoblins
  4 jackals (D:3)
  5 quokkas
  3 ball pythons
  4 bats
  4 frilled lizards
  7 kobolds
  4 rats
67 creatures vanquished.

Vanquished Creatures (others)
  A fulminant prism (D:3)
1 creature vanquished.

Grand Total: 68 creatures vanquished

Notes
Turn   | Place    | Note
-------+----------+-------------------------------------------
     0 | D:1      | Htamos the Deep Elf Conjurer began the quest for the Orb.
     0 | D:1      | Reached XP level 1. HP: 10/10 MP: 6/6
   232 | D:1      | Reached XP level 2. HP: 15/15 MP: 0/8
   472 | D:1      | Found a faded altar of an unknown god.
   494 | D:1      | Reached skill level 5 in Conjurations
  1041 | D:2      | Reached XP level 3. HP: 19/19 MP: 6/10
  2006 | D:2      | Learned a level 3 spell: Dazzling Flash
  2038 | D:3      | Reached XP level 4. HP: 24/24 MP: 1/12
  2044 | D:3      | Noticed a water moccasin
  2153 | D:2      | Learned a level 4 spell: Fulminant Prism
  2285 | D:3      | Killed a water moccasin
  2286 | D:3      | Reached skill level 6 in Conjurations
  2286 | D:3      | Reached XP level 5. HP: 17/28 MP: 5/14
  2547 | D:3      | Reached skill level 5 in Spellcasting
  3113 | D:4      | Slain by an orc

Illustrated notes

Levels and vault maps discovered:
D:1:      ncdulo_wetmaze, layout_basic, chequers_ecumenical_altar_simple
D:2:      layout_basic, hangedman_abyss_or_decor_lesser_grid,
          columned_hall_lemuel
D:3:      layout_loops_ring, kennysheep_generic_room_6
D:4:      layout_basic

Skill      XL: |  1  2  3  4  5 |
---------------+----------------+-----
Conjurations   | 5 6 |  6.8
Spellcasting   | 4 5 |  5.1
Dodging        | |  2.4
Stealth        | |  2.4

Action                   |  1- 3 |  4- 6 || total
-------------------------+-------+-------++-------
Melee: Dagger            |     1 |       ||     1
 Cast: Magic Dart        |    88 |    46 ||   134
       Fulminant Prism   |       |     1 ||     1
  Use: Scroll            |       |     4 ||     4
       Potion            |       |     1 ||     1
 Stab: Sleeping          |     1 |       ||     1
Armor: Robe              |       |     1 ||     1
Dodge: Dodged            |       |     1 ||     1

Table legend: (Time is in decaauts)
 A = Elapsed time spent in this place.
 B = Non-inter-level travel time spent in this place.
 C = Inter-level travel time spent in this place.
 D = Time resting spent in this place.
 E = Time spent auto-exploring this place.
 F = Levels seen in this place.
 G = Mean time per level.
                   A        B        C        D        E       F      G
               +--------+--------+--------+--------+--------+-----+--------+
         Total |   3120 |   2988 |    132 |    170 |   2445 |   4 |  780.0 |
       Dungeon |   3120 |   2988 |    132 |    170 |   2445 |   4 |  780.0 |
               +--------+--------+--------+--------+--------+-----+--------+

Top non-repeatable levels by time:
     D:2: 1383 daAuts
     D:1: 876 daAuts
     D:3: 835 daAuts
     D:4: 25 daAuts
